Cool Beans, chaotic female orcish Barbarian ------------ ----- |........... |.... |..........| ----- #|...| |..........+ |..).#########@d-...| ----- |......<...| #|...| ##|...| |....############## -.----------# ##..... #####|...| |...| ------# # # ##--.-- # #|.>.+ ##|.>..#######-....|# # ##### #####----- #....| ##|....|# ### # # ##########----- ## |....|# # ### # ########### |#...-### ### # # ## ### ------# # ### --------------####################### ---|- # +............-# ### |....## |............| # |...| |.`..........-###``############# |...| -------------- |...| |...| ----- Cool Beans the Pillager Experience level: 3 Strength: 20 Dexterity: 17 Constitution: 18 Intelligence: 7 Wisdom: 7 Charisma: 6 Health: 36(36) Energy: 6(6) Def: 3 Gold: 309 Moves: 1204 Dungeon seed: PgCPgfR01NorQD-B Game ID: Cool Beans_1516292208 Your Inventory: Coins $ - 309 gold pieces Amulets l - a cursed amulet of restful sleep Weapons a - an uncursed +0 battle-axe (alternate weapon; not wielded) b - an uncursed +0 orcish short sword (weapon in hand) s - an uncursed +0 dagger (in quiver) Armor q - an uncursed +0 ring mail (being worn) Comestibles c - 4 uncursed food rations d - an uncursed tin of spinach f - 2 uncursed tins of male jackal meat k - an uncursed tripe ration m - an uncursed male cockatrice egg t - an uncursed clove of garlic w - an uncursed lichen corpse Scrolls i - a cursed scroll of remove curse o - an uncursed scroll of identify u - an uncursed scroll of punishment Spellbooks g - an uncursed spellbook of knock Potions p - a cursed potion of confusion v - an uncursed potion of sickness Wands h - an uncursed wand of teleportation (0:3) Gems e - an uncursed worthless piece of yellowish brown glass n - an uncursed luckstone r - an uncursed jasper stone Spells and supernatural/magical abilities: Spells marked with '*' are forgotten. Spells marked with '!' are maintained. Spells marked with '#' are aliased with 'castalias'. Name Level Category Fail Memory W - pray for help -- divine ? -- Your skills at the end: Fighting Skills bare handed combat [Basic] Weapon Skills axe [Basic] short sword [Basic] Spellcasting Skills Final Attributes: You were immune to poison. You had infravision. You were lucky. You had extra luck. Bad luck did not time out for you. Good luck did not time out for you. You are dead. Vanquished creatures: an acid blob a hobbit a yellow mold 3 jackals 2 kobolds 3 grid bugs 5 lichens a kobold zombie 4 newts 21 creatures vanquished. Voluntary challenges: You were an atheist. You used a wielded weapon 14 times, starting on turn 2. You read items or engraved 2 times, starting on turn 339. You never genocided any monsters. You never polymorphed an object. You never changed form. You used no wishes. You never split a pudding. You wrote Elbereth's name 2 times, starting on turn 339. You never violated your personal moral code. Dungeon overview: The Dungeons of Doom: levels 1 to 3 Level 1 a vault a long staircase Level 2 Level 3 <- You were here a sink a long staircase History has recorded: On T:1 you entered the Dungeons of Doom to retrieve the Amulet of Yendor! On T:334 you reached level 2 of The Dungeons of Doom. On T:705 you advanced to experience level 2. On T:890 you reached level 3 of The Dungeons of Doom. On T:1027 you advanced to experience level 3. Score breakdown: Gold: 309 ( 8474 points) Experience: 3 levels ( 7878 points) Exploration: 3 levels ( 6.12%) ( 6123 points) Discoveries: 0 items ( 0.00%) ( 0 points) Valuables value: (no points given unless you survive) Artifact value: 0 ( 0 points) Variety of kills: 9 monsters ( 2.37%) ( 4616 points) Turncount: 1204 turns ( 0 points) Survival: died (score multiplied by 80%) Total score: 21672 Latest messages: You hear a gurgling noise. You displace Idefix. You hear a slow drip. There must be a sink on the level. You try to move the boulder, but in vain. (4x) You displace Idefix. The door opens. You kill the yellow mold! You see here a statue of an acid blob. You displace Idefix. The door opens. You try to move the boulder, but in vain. (2x) You displace Idefix. You are beginning to feel hungry. Ugh. Rotten egg. You finish eating the egg. You are slowing down. Your limbs are stiffening. Your limbs have turned to stone. You have turned to stone. You are a statue. Final status: Goodbye Cool Beans the Barbarian, petrified by an egg, while unable to move due to turning to stone... You turned to stone in The Dungeons of Doom on dungeon level 3 with 21672 points, and 309 pieces of gold, after 1204 moves. You were level 3 with a maximum of 36 hit points when you turned to stone.